 Dungeon Crawl Stone Soup version 0.25.1-2-g60ff931df9 (webtiles) character file.

Game seed: 1965110622469596969

920 gruber the Gusty (level 8, 0/60 HPs)
             Began as a Gnoll Wanderer on Oct 12, 2020.
             Slain by a killer bee (6 damage)
             ... on level 5 of the Dungeon.
             The game lasted 00:05:28 (4989 turns).

gruber the Gusty (Gnoll Wanderer)                   Turns: 4989, Time: 00:05:29

Health: 0/60       AC:  6    Str: 17    XL:     8   Next: 10%
Magic:  14/14      EV: 12    Int: 12    God:
Gold:   250        SH:  0    Dex: 17    Spells: 14/15 levels left

rFire    . . .     SeeInvis .   a - +2 shortbow
rCold    . . .     Gourm    .   (shield currently unavailable)
rNeg     . . .     Faith    .   D - +0 ring mail
rPois    .         Spirit   .   (no helmet)
rElec    .         Reflect  .   h - scarf {+Inv}
rCorr    .         Harm     .   (no gloves)
MR       +....                  i - +0 pair of boots
Stlth    +++.......             (no amulet)
HPRegen  0.20/turn              w - ring of stealth
MPRegen  0.14/turn              G - ring of protection from magic

@: lethally poisoned (0 -> -11)
A: distributed training, fangs 1, strong nose
a: Evoke Invisibility


You were on level 5 of the Dungeon.
You were not hungry.

You visited 1 branch of the dungeon, and saw 5 of its levels.
You also visited: Ossuary.

You collected 250 gold pieces.

Inventory:

Hand Weapons
 a - a +2 shortbow (weapon)
 r - a +5 mace of draining
Missiles
 b - 56 arrows (quivered)
Armour
 h - a scarf of invisibility (worn)
 i - a +0 pair of boots (worn)
 s - a +0 chain mail of fire resistance
 D - a +0 ring mail (worn)
Jewellery
 q - an uncursed ring of ice
 w - a ring of stealth (left hand)
 z - an uncursed ring of ice
 G - a ring of protection from magic (right hand)
Scrolls
 d - 7 scrolls of teleportation
 e - a scroll of silence {unknown}
 g - 2 scrolls of amnesia {unknown}
 k - 4 scrolls of identify
 l - 3 scrolls of fear
 m - 3 scrolls of blinking
 o - 2 scrolls of enchant weapon {unknown}
 y - a scroll of noise {unknown}
 A - 4 scrolls of remove curse
 B - 2 scrolls of immolation {unknown}
 E - 2 scrolls of magic mapping {unknown}
Potions
 c - a potion of lignification
 j - 2 potions of brilliance {unknown}
 n - a potion of haste {unknown}
 p - 3 potions of heal wounds {unknown}
 t - a potion of curing {unknown}
 u - a potion of cancellation {unknown}
 v - 2 potions of mutation {unknown}
 x - 2 potions of stabbing {unknown}
 C - a potion of degeneration {unknown}
Comestibles
 f - 9 rations


   Skills:
 + Level 3.9 Fighting
 + Level 2.9 Short Blades
 + Level 2.9 Long Blades
 + Level 2.9 Axes
 + Level 2.9 Maces & Flails
 + Level 2.9 Polearms
 + Level 2.9 Staves
 + Level 2.9 Slings
 + Level 5.4 Bows
 + Level 2.9 Crossbows
 + Level 2.9 Throwing
 + Level 2.9 Armour
 + Level 2.9 Dodging
 + Level 3.8 Stealth
 + Level 3.9 Shields
 + Level 2.9 Unarmed Combat
 + Level 4.1 Spellcasting
 + Level 2.3 Conjurations
 + Level 2.3 Hexes
 + Level 2.3 Charms
 + Level 2.3 Summonings
 + Level 2.3 Necromancy
 + Level 2.3 Translocations
 + Level 2.3 Transmutations
 + Level 2.3 Fire Magic
 + Level 2.3 Ice Magic
 + Level 7.5 Air Magic
 + Level 2.3 Earth Magic
 + Level 2.3 Poison Magic
 + Level 3.2 Invocations
 + Level 2.9 Evocations


You had 14 spell levels left.
You knew the following spells:

 Your Spells              Type           Power        Failure   Level  Hunger
a - Animate Skeleton      Necr           N/A          16%         1    #......

Your spell library contained the following spells:

 Spells                   Type           Power        Failure   Level  Hunger
 Shock                    Conj/Air       ##..         5%          1    #......
 Swiftness                Chrm/Air       ##......     8%          2    ##.....
 Static Discharge         Conj/Air       ##......     16%         3    ###....
 Airstrike                Air            ###.......   19%         4    #####..
 Vampiric Draining        Necr           #.........   41%         3    ###....
 Lightning Bolt           Conj/Air       ##........   82%         5    ######.


Dungeon Overview and Level Annotations

Branches:
Dungeon (5/15)            Ossuary (visited)
 Temple: D:4-7

Altars:
Cheibriados
Makhleb
Qazlal


Innate Abilities, Weirdness & Mutations

Your experience applies equally to all skills.
You have very sharp teeth.
Your uncanny sense of smell can sniff out nearby items.


Message History

You shoot an arrow. The arrow misses the killer bee.
The killer bee stings you. The killer bee stings you!
* * * LOW HITPOINT WARNING * * *
You are more poisoned.
The killer bee poisons you! The killer bee stings you.
* * * LOW HITPOINT WARNING * * *
The killer bee stings you but does no damage.
The killer bee barely misses you. The killer bee stings you.
* * * LOW HITPOINT WARNING * * *
Firing (i - inventory)
b - 57 arrows (quivered)
Press: ? - help, Shift-Dir - straight line, f/p - killer bee
Aim: a killer bee (moderately wounded)
You shoot an arrow.
The arrow closely misses the killer bee.
* * * LOW HITPOINT WARNING * * *
You feel sick. The killer bee barely misses you.
The killer bee stings you but does no damage.
The killer bee barely misses you. The killer bee completely misses you.
The killer bee stings you.
You die...

.......(.........
...............(.
..................#
.........#.....#..# ..
.......(###...###.#
...........y.#.....#..#
#+###......................#
........####+#####(##......##
........#.......@y((#.......#
........#.......yy#.....#...#
........+....[...###...###..#
........####'##...#.....#..##
#..#######....###.....#...##
..##............#.....#...#
#...............#.....#<..#
................#.....#...#####
#...............#.....#.......#


You could see 3 killer bees.

Vanquished Creatures
  An ogre (D:4)
  2 phantoms (D:5)
  A killer bee (D:5)
  An orc priest (D:5)
  An orc wizard (D:5)
  Jessica (D:2)
  An iguana (D:5)
  A worker ant (D:5)
  Terence (D:2)
  Natasha (thrice) (D:4)
  7 big kobold zombies (Ossuary)
  A mummy (Ossuary)
  5 gnolls
  6 adders
  A shadow imp (D:3)
  An ooze (D:5)
  2 adder skeletons (D:5)
  An adder zombie (D:5)
  3 worms (D:2)
  A dart slug (D:3)
  3 leopard geckos
  4 orcs
  4 spectral bats (Ossuary)
  2 ball pythons
  8 bats
  3 giant cockroaches (D:1)
  6 gnoll zombies
  4 goblins
  10 hobgoblins
  5 jackals (D:1)
  2 quokkas (D:4)
  5 bat simulacra (Ossuary)
  3 frilled lizards
  A goblin simulacrum (Ossuary)
  5 goblin zombies (Ossuary)
  6 hobgoblin zombies (Ossuary)
  A jackal zombie (D:5)
  2 kobolds
  5 kobold simulacra (Ossuary)
  4 kobold zombies (Ossuary)
  3 orc zombies (Ossuary)
  6 rats
  5 rat simulacra (Ossuary)
  A spectral goblin (Ossuary)
  4 spectral kobolds (Ossuary)
  3 spectral rats (Ossuary)
146 creatures vanquished.

Notes
Turn   | Place    | Note
-------+----------+-------------------------------------------
     0 | D:1      | gruber the Gnoll Wanderer began the quest for the Orb.
     0 | D:1      | gruber set off with the following items: a +2 shortbow, 23
                  | arrows, a scroll of teleportation, a +0 robe, a ration; and
                  | the following spell memorised: Animate Skeleton; and the
                  | following spells available to memorise: Vampiric Draining
     0 | D:1      | Reached XP level 1. HP: 17/17 MP: 4/4
   151 | D:1      | Reached XP level 2. HP: 23/23 MP: 5/5
   635 | D:1      | Reached XP level 3. HP: 28/28 MP: 7/7
   659 | D:1      | Reached skill level 1 in Invocations
  1031 | D:2      | Noticed Terence
  1039 | D:2      | Killed Terence
  1039 | D:2      | Reached skill level 1 in Short Blades
  1039 | D:2      | Reached skill level 1 in Long Blades
  1039 | D:2      | Reached skill level 1 in Axes
  1039 | D:2      | Reached skill level 1 in Maces & Flails
  1039 | D:2      | Reached skill level 1 in Polearms
  1039 | D:2      | Reached skill level 1 in Staves
  1039 | D:2      | Reached skill level 1 in Slings
  1039 | D:2      | Reached skill level 1 in Crossbows
  1039 | D:2      | Reached skill level 1 in Throwing
  1039 | D:2      | Reached skill level 1 in Armour
  1039 | D:2      | Reached skill level 1 in Dodging
  1039 | D:2      | Reached skill level 1 in Unarmed Combat
  1039 | D:2      | Reached skill level 1 in Evocations
  1039 | D:2      | Reached XP level 4. HP: 26/34 MP: 8/8
  1254 | D:2      | Noticed Jessica
  1258 | D:2      | Killed Jessica
  1258 | D:2      | Reached skill level 1 in Conjurations
  1258 | D:2      | Reached skill level 1 in Hexes
  1258 | D:2      | Reached skill level 1 in Charms
  1258 | D:2      | Reached skill level 1 in Summonings
  1258 | D:2      | Reached skill level 1 in Necromancy
  1258 | D:2      | Reached skill level 1 in Translocations
  1258 | D:2      | Reached skill level 1 in Transmutations
  1258 | D:2      | Reached skill level 1 in Fire Magic
  1258 | D:2      | Reached skill level 1 in Ice Magic
  1258 | D:2      | Reached skill level 1 in Earth Magic
  1258 | D:2      | Reached skill level 1 in Poison Magic
  1262 | D:2      | Reached XP level 5. HP: 33/40 MP: 9/9
  2708 | D:4      | Noticed an ogre
  2713 | D:4      | Killed an ogre
  2713 | D:4      | Reached XP level 6. HP: 47/47 MP: 9/11
  2930 | D:4      | Noticed Natasha
  2934 | D:4      | Killed Natasha
  2934 | D:4      | Reached skill level 5 in Bows
  2937 | D:4      | Noticed Natasha
  2941 | D:4      | Killed Natasha
  3127 | D:4      | Noticed Natasha
  3129 | D:4      | Killed Natasha
  3331 | D:4      | Found a stormy altar of Qazlal.
  3331 | D:4      | Found a faded altar of an unknown god.
  3341 | D:4      | Found a snail-covered altar of Cheibriados.
  3343 | D:4      | Found a faded altar of an unknown god.
  3348 | D:4      | Found a burning altar of Makhleb.
  3473 | D:5      | Entered Level 5 of the Dungeon
  3546 | D:5      | Found a sand-covered staircase.
  3575 | Ossuary  | Entered an ossuary
  3623 | Ossuary  | Reached XP level 7. HP: 52/52 MP: 12/12
  4516 | D:5      | Reached XP level 8. HP: 15/60 MP: 12/14
  4989 | D:5      | Slain by a killer bee

Illustrated notes

Levels and vault maps discovered:
D:1:      ncdulo_halloftheorcs, layout_loops_ring, minmay_three_crescents
D:2:      layout_basic, uniq_terence, uniq_jessica
D:3:      layout_basic, first_ration
D:4:      layout_cave_pools, chequers_temple_overflow_minitemple, uniq_natasha
D:5:      layout_gridville, enter_ossuary_3, serial_glass, glass_columns_b,
          glass_columns_b, glass_columns_a, glass_columns_c, glass_columns_b,
          glass_columns_c, glass_columns_c, glass_columns_c, glass_columns_b,
          glass_columns_a, item_on_display_a, item_on_display_a,
          minmay_strange_pillars

Skill      XL: |  1  2  3  4  5  6  7 |
---------------+----------------------+-----
Invocations    | 1 2 3 |  3.2
Short Blades   | 1 2 |  2.9
Long Blades    | 1 2 |  2.9
Axes           | 1 2 |  2.9
Maces & Flails | 1 2 |  2.9
Polearms       | 1 2 |  2.9
Staves         | 1 2 |  2.9
Slings         | 1 2 |  2.9
Crossbows      | 1 2 |  2.9
Throwing       | 1 2 |  2.9
Armour         | 1 2 |  2.9
Dodging        | 1 2 |  2.9
Unarmed Combat | 1 2 |  2.9
Spellcasting   | 3 4 |  4.1
Evocations     | 1 2 |  2.9
Conjurations   | 1 2 |  2.3
Hexes          | 1 2 |  2.3
Charms         | 1 2 |  2.3
Summonings     | 1 2 |  2.3
Necromancy     | 1 2 |  2.3
Translocations | 1 2 |  2.3
Transmutations | 1 2 |  2.3
Fire Magic     | 1 2 |  2.3
Ice Magic      | 1 2 |  2.3
Earth Magic    | 1 2 |  2.3
Poison Magic   | 1 2 |  2.3
Fighting       | 3 |  3.9
Shields        | 3 |  3.9
Stealth        | 3 |  3.8
Bows           | 5 |  5.4
Air Magic      | |  7.5

Action                   |  1- 3 |  4- 6 |  7- 9 || total
-------------------------+-------+-------+-------++-------
Melee: Mace              |       |    19 |   128 ||   147
       Bite              |       |     4 |    14 ||    18
       Punch             |       |       |     1 ||     1
 Fire: Shortbow          |    86 |   132 |    79 ||   297
  Use: Scroll            |       |     4 |       ||     4
 Stab: Sleeping          |       |     2 |     9 ||    11
  Eat: Chunk             |       |     8 |     1 ||     9
       Ration            |       |       |     1 ||     1
Armor: Robe              |     1 |     4 |       ||     5
       Ring mail         |       |     5 |    53 ||    58
Dodge: Dodged            |     4 |    38 |   102 ||   144
